[Event "Titled Tuesday Blitz May 11 2021"]
[White "Sethuraman, S.P."]
[Black "Solon, Nathan"]
[WhiteFideId "5021596"]
[BlackFideId "2017229"]
[WhiteElo "2477"]
[BlackElo "2656"]
[Result "0-1"]
[Round "11"]
[TimeControl "180+1"]
[Date "2021.05.11"]
[WhiteClock "0:01:08"]
[BlackClock "0:00:32"]

1. e4 c5 2. Nf3 d6 3. Bb5+ Nd7 4. a4 Nf6 5. Nc3 g6 6. O-O Bg7 7. a5 O-O 8. Re1 a6 9. Bf1 b5 10. axb6 Bb7 11. d4 cxd4 12. Nxd4 Qxb6 13. Nb3 Rfc8 14. Be3 Qd8 15. f3 a5 16. Qd2 Ne5 17. Qf2 Nfd7 18. Nd2 Ba6 19. Bxa6 Rxa6 20. Ra2 Nc4 21. Nxc4 Rxc4 22. Nd5 e6 23. Nf4 Rac6 24. c3 Nc5 25. Bxc5 R4xc5 26. Nd3 Rb5 27. Ra4 d5 28. e5 Bf8 29. h4 h5 30. Kh2 Rc4 31. Rxc4 dxc4 32. Nf4 Bc5 33. Qe2 Qxh4+ 34. Nh3 Rxb2 35. Qxb2 Qxe1 36. Qb5 Qxe5+ 37. f4 Bg1+ 0-1


[Site "https://www.chess.com"]

[Event "Titled Tuesday Blitz May 11 2021"]
[White "Shimanov, Aleksandr"]
[Black "Hjartarson, Johann"]
[WhiteFideId "4198603"]
[BlackFideId "2300044"]
[WhiteElo "2596"]
[BlackElo "2502"]
[Result "0-1"]
[Round "11"]
[TimeControl "180+1"]
[Date "2021.05.11"]
[WhiteClock "0:00:02"]
[BlackClock "0:00:37"]

1. e4 g6 2. d4 Bg7 3. Nc3 d6 4. Bg5 a6 5. a4 Nd7 6. Bc4 c5 7. dxc5 Nxc5 8. Nge2 Nf6 9. f3 O-O 10. O-O Bd7 11. Be3 Rc8 12. Ba2 b5 13. axb5 axb5 14. b4 Ne6 15. Rb1 Re8 16. Qd2 Qc7 17. Rfc1 Qb7 18. Nd5 Nxd5 19. Bxd5 Qb8 20. c3 Nc7 21. Bb3 Be6 22. Bd1 Bc4 23. Nd4 Qb7 24. Nb3 d5 25. Na5 Qa6 26. Bc2 Red8 27. Qe1 dxe4 28. Bxe4 Bd5 29. Bc5 Rd7 30. Nb3 Bxe4 31. Qxe4 Ne6 32. Qe3 Rcd8 33. Re1 Rd3 34. Qe4 Bxc3 35. Rec1 Bf6 36. h3 Qa2 37. Na5 Rd2 38. Qg4 h5 39. Qg3 Bg5 40. Rf1 Bf4 0-1


[Site "https://www.chess.com"]

[Event "Titled Tuesday Blitz May 11 2021"]
[White "Svane, Rasmus"]
[Black "Jacobson, Brandon"]
[WhiteFideId "4657101"]
[BlackFideId "30901561"]
[WhiteElo "2669"]
[BlackElo "2362"]
[Result "1/2-1/2"]
[Round "11"]
[TimeControl "180+1"]
[Date "2021.05.11"]
[WhiteClock "0:00:09"]
[BlackClock "0:00:17"]

1. Nf3 d5 2. g3 g6 3. Bg2 Bg7 4. d4 Nh6 5. O-O Nf5 6. c3 Nd6 7. Bf4 O-O 8. Nbd2 Nd7 9. Re1 Nf6 10. Qb3 c6 11. Bxd6 exd6 12. e4 dxe4 13. Nxe4 Nxe4 14. Rxe4 Qb6 15. Rae1 Be6 16. Qa3 Rfd8 17. Ng5 Bd5 18. R4e2 Bc4 19. Re3 Bf6 20. Ne4 Be7 21. Nd2 Be6 22. R3e2 Bf8 23. b3 d5 24. Qb2 Re8 25. Nf3 Red8 26. Ng5 Bd7 27. Bh3 Bxh3 28. Nxh3 Qc7 29. Qd2 Qd7 30. Nf4 Re8 31. Nd3 Bd6 32. Kg2 Kg7 33. h4 h5 34. Re3 Rxe3 35. Qxe3 Qf5 36. Nc5 b6 37. Nd3 Rd8 38. Nb4 Qd7 39. Nd3 Qf5 40. a4 Rc8 41. b4 Rc7 42. Qf3 Qxf3+ 43. Kxf3 Kf8 44. Ra1 Re7 45. a5 b5 46. Ra2 f6 47. Ra1 Kf7 48. Rh1 Re4 49. Re1 Rxe1 50. Nxe1 Ke6 51. Nd3 Kf5 52. Ne1 g5 53. Ng2 g4+ 54. Ke2 Ke4 55. Ne3 f5 56. Nf1 f4 57. Nd2+ Kf5 58. Nf1 fxg3 59. fxg3 Bf8 60. Kd3 Bh6 61. Ne3+ Ke6 62. Ng2 Kf5 63. Ne3+ Kf6 64. Ng2 Kg6 65. Ne3 Bf8 66. Ke2 Bd6 67. Kf2 Kf6 68. Kg2 Bc7 69. Kf2 Ke6 70. Kg2 Kf6 71. Kf2 Bd8 72. Ke2 Kg6 73. Kd3 Bf6 74. Ke2 Bg7 75. Kf2 Bh6 76. Ke2 Kf6 77. Kf2 Ke6 78. Ke2 Bf8 79. Kf2 Bd6 80. Kg2 Bc7 81. Kf2 Kf6 82. Kg2 Bd8 83. Kf2 Bc7 84. Kg2 Bd8 85. Kf2 Bc7 1/2-1/2


[Site "https://www.chess.com"]

[Event "Titled Tuesday Blitz May 11 2021"]
[White "Tari, Aryan"]
[Black "Murzin, Volodar"]
[WhiteFideId "1510045"]
[BlackFideId "44155573"]
[WhiteElo "2656"]
[BlackElo "2541"]
[Result "1-0"]
[Round "11"]
[TimeControl "180+1"]
[Date "2021.05.11"]
[WhiteClock "0:00:06"]
[BlackClock "0:00:01"]

1. Nf3 Nf6 2. b3 d5 3. Bb2 c6 4. e3 Bg4 5. Be2 Nbd7 6. O-O Bxf3 7. Bxf3 e5 8. c4 Bd6 9. cxd5 cxd5 10. d3 O-O 11. Nc3 Qa5 12. a3 d4 13. Ne4 Nxe4 14. dxe4 Rac8 15. b4 Qc7 16. Rc1 Qb8 17. Rxc8 Rxc8 18. exd4 exd4 19. g3 Rd8 20. Bxd4 Ne5 21. Be2 Nc6 22. Bc4 Nxd4 23. Qxd4 Bxg3 24. Bxf7+ Kh8 25. Qe3 Bxh2+ 26. Kg2 Bf4 27. Qh3 Qe5 28. Qf5 Qxf5 29. exf5 Be5 30. Re1 Bb2 31. Re7 Rb8 32. a4 Bc3 33. b5 Bb4 34. Rd7 Ba5 35. Bd5 Bb6 36. Bxb7 h6 37. Bc6 Rf8 38. Be4 Re8 39. f3 Rc8 40. Kh3 Rc4 41. Rb7 Kg8 42. Bd5+ 1-0


[Site "https://www.chess.com"]

[Event "Titled Tuesday Blitz May 11 2021"]
[White "Wagner, Dennis"]
[Black "Papasimakopoulos, Alexandros"]
[WhiteFideId "24650684"]
[BlackFideId "4244125"]
[WhiteElo "2355"]
[BlackElo "2352"]
[Result "0-1"]
[Round "11"]
[TimeControl "180+1"]
[Date "2021.05.11"]
[WhiteClock "0:00:12"]
[BlackClock "0:00:10"]

1. e4 e6 2. d4 d5 3. Nc3 Bb4 4. e5 b6 5. a3 Bf8 6. Bb5+ Bd7 7. Bxd7+ Nxd7 8. Nce2 c5 9. c3 Ne7 10. Nf3 Nc6 11. O-O Be7 12. b4 O-O 13. Be3 f6 14. exf6 Nxf6 15. Nf4 Qd7 16. Nd3 cxd4 17. Nfe5 Qc7 18. cxd4 Nxe5 19. Nxe5 Bd6 20. Rc1 Qe7 21. Bg5 Qe8 22. Bxf6 Rxf6 23. Re1 Rc8 24. Qe2 h6 25. g3 Rf5 26. Qa6 Rxc1 27. Rxc1 Rf8 28. Qxa7 Bxe5 29. dxe5 b5 30. Rc7 Qg6 31. h4 Qb1+ 32. Kh2 Qg6 33. Qe3 Qf5 34. Kg2 Rd8 35. Qf4 Qxf4 36. gxf4 d4 37. Kf3 d3 38. Rc1 Ra8 39. Rc3 d2 40. Ke2 Rd8 41. Kd1 Rd4 42. Rc5 Rd3 43. Rxb5 Rxa3 44. Kxd2 Rf3 45. Ke2 Rxf4 46. h5 Rh4 47. Ke3 Rxh5 48. Rc5 Rh3+ 49. f3 Rh1 50. b5 Rb1 51. Kd4 h5 52. Kc4 h4 53. Rc8+ Kh7 54. Ra8 g5 55. Ra2 Kg6 56. Kc5 Kf5 57. b6 Kxe5 58. Kc6 Kf4 59. b7 Kxf3 60. Ra3+ Kg2 61. Ra2+ Kg3 62. Ra3+ Kg4 63. Ra4+ Kh5 64. Ra5 Rxb7 65. Kxb7 h3 66. Kc6 h2 67. Ra1 g4 68. Kd6 g3 69. Ke5 g2 70. Kf4 g1=Q 71. Ra5+ Kh4 72. Ra8 Qg3+ 73. Ke4 Qg2+ 74. Kf4 Qxa8 0-1


[Site "https://www.chess.com"]

[Event "Titled Tuesday Blitz May 11 2021"]
[White "Xiong, Jeffery"]
[Black "Quparadze, Giga"]
[WhiteFideId "2047640"]
[BlackFideId "13602250"]
[WhiteElo "2724"]
[BlackElo "2658"]
[Result "1-0"]
[Round "11"]
[TimeControl "180+1"]
[Date "2021.05.11"]
[WhiteClock "0:00:59"]
[BlackClock "0:00:47"]

1. d4 Nf6 2. Nf3 e6 3. Bf4 b6 4. e3 Bb7 5. Nbd2 g6 6. Bd3 Bg7 7. O-O O-O 8. h3 d5 9. c4 c5 10. dxc5 bxc5 11. Rc1 Nh5 12. Bh2 Nd7 13. cxd5 exd5 14. Bd6 Re8 15. Bxc5 Bxb2 16. Rb1 Nxc5 17. Rxb2 Re7 18. Nb3 Ne4 19. Nbd4 Nhf6 20. Qa1 Rc8 21. Rfb1 Rcc7 22. Nb5 Rcd7 23. Nxa7 Qa5 24. Nb5 Nc5 25. Bf1 d4 26. Nbxd4 Nfe4 27. Rc2 h5 28. Rb5 Qa3 29. Qc1 Qa7 30. Rbxc5 Nxc5 31. Rxc5 Qxa2 32. Ne5 Rd6 33. Bc4 Qa7 34. Bxf7+ Kg7 35. Bxg6 Qa8 36. Nf5+ 1-0


[Site "https://www.chess.com"]

[Event "Titled Tuesday Blitz May 11 2021"]
[White "Zubov, Alexander"]
[Black "Kamsky, Gata"]
[WhiteFideId "14109409"]
[BlackFideId "2000024"]
[WhiteElo "2740"]
[BlackElo "2644"]
[Result "0-1"]
[Round "11"]
[TimeControl "180+1"]
[Date "2021.05.11"]
[WhiteClock "0:00:17"]
[BlackClock "0:01:11"]

1. d4 Nf6 2. c4 g6 3. Nc3 Bg7 4. e4 d6 5. Be2 e5 6. d5 Na6 7. Bf3 h5 8. Bg5 Bh6 9. Bxh6 Rxh6 10. a3 Kf8 11. b4 Kg7 12. Be2 h4 13. Qd2 Nh5 14. g3 Nf6 15. Nf3 hxg3 16. fxg3 Qe7 17. h4 Bg4 18. Ng5 Bxe2 19. Qxe2 Nh7 20. Nf3 Nf6 21. O-O-O c5 22. dxc6 bxc6 23. c5 dxc5 24. Qxa6 cxb4 25. axb4 Qxb4 26. Qd3 Rd8 27. Qc2 Rb8 28. Kd2 Qc5 29. Rhf1 Ng4 30. Rde1 Rhh8 31. Re2 Rhd8+ 32. Ke1 Ne3 33. Qc1 Nxf1 34. Kxf1 Rd3 0-1